 Dungeon Crawl Stone Soup version 0.23.0-3-gf3c87f2 (webtiles) character file.

Game seed: 4971904514819334519

2699 Gadfly the Basher (level 9, -4/80 HPs)
             Began as a Troll Berserker on Feb 20, 2019.
             Was an Elder of Trog.
             Slain by a death yak (19 damage)
             ... on level 8 of the Dungeon.
             The game lasted 00:11:41 (6521 turns).

Gadfly the Basher (Troll Berserker)                 Turns: 6521, Time: 00:11:41

Health: -4/80      AC: 11    Str: 31    XL:     9   Next: 38%
Magic:  9/9        EV: 10    Int:  3    God:    Trog [****..]
Gold:   464        SH:  0    Dex: 10    Spells: 8/8 levels left

rFire    . . .     SeeInvis .   v - +0 morningstar
rCold    . . .     Gourm    +   (no shield)
rNeg     . . .     Faith    .   b - +0 animal skin
rPois    .         Spirit   .   o - +2 hat
rElec    .         Reflect  .   r - +0 cloak
rCorr    .         Harm     .   (gloves unavailable)
MR       +....                  (boots unavailable)
Stlth    +.........             u - amulet of the acrobat
HPRegen  0.63/turn              d - ring of protection from magic
MPRegen  0.11/turn              E - ring of wizardry

@: drained
A: large, unfitting armour, claws 3, yellow scales 1, blurry vision 1, fast
metabolism 3, gourmand, regeneration 1, shaggy fur 1, strong 1, tough skin 3
a: Berserk, Trog's Hand, Brothers in Arms, Renounce Religion


You were on level 8 of the Dungeon.
You worshipped Trog.
Trog was greatly pleased with you.
You were full.

You visited 1 branch of the dungeon, and saw 8 of its levels.

You collected 464 gold pieces.

Inventory:

Hand Weapons
 e - a +1 giant spiked club
 v - a +0 morningstar (weapon)
 J - a +6 short sword of protection
 M - a +4 great sword
Missiles
 g - 255 stones (quivered)
 y - 2 tomahawks
 z - 3 poisoned javelins
 H - a throwing net
Armour
 b - a +0 animal skin (worn)
 o - a +2 hat (worn)
 r - a +0 cloak (worn)
Jewellery
 d - a ring of protection from magic (left claw)
 u - an amulet of the acrobat (around neck)
 D - an uncursed ring of see invisible {unknown}
 E - a ring of wizardry (right claw)
 K - a +3 ring of evasion {unknown}
Wands
 h - a wand of enslavement (7)
 l - a wand of flame (13)
 m - a wand of random effects (27)
 I - a wand of digging (1)
Scrolls
 f - 4 scrolls of remove curse
 q - a scroll of magic mapping {unknown}
 A - 4 scrolls of teleportation
 B - 2 scrolls of enchant armour
 C - a scroll of fear
 G - a scroll of summoning {unknown}
 L - a scroll of identify
Potions
 a - 3 potions of heal wounds
 i - 3 potions of curing
 j - a potion of flight {unknown}
 k - a potion of lignification {unknown}
 n - 3 potions of might
 p - 2 potions of cancellation {unknown}
 s - a potion of ambrosia {unknown}
 t - 2 potions of degeneration {unknown}
 w - a potion of agility
 x - a potion of haste {unknown}
 F - 2 potions of berserk rage {unknown}
Comestibles
 c - 10 rations


   Skills:
 - Level 2.9(2.2) Fighting
 + Level 11.0(10.1) Maces & Flails
 - Level 2.8(2.1) Throwing
 - Level 2.8(2.1) Dodging
 - Level 1.8(1.1) Evocations


You had 8 spell levels left.
You didn't know any spells.
Your spell library was empty.

Dungeon Overview and Level Annotations

Branches:
Dungeon (8/15)             Temple (0/1) D:5            Lair (0/6) D:8

Altars:
Ashenzari
Hepliaklqana
Kikubaaqudgha
Ru

Shops:
D:5 ?


Innate Abilities, Weirdness & Mutations

You are too large for most types of armour.
You have claws for hands.
Your metabolism is lightning-fast.
You like to eat raw meat.
Your natural rate of healing is unusually fast.
You are covered in fur. (AC +1)
You have extremely tough skin. (AC +3)
You are partially covered in yellow scales. (AC +2)
Scrolls take you a little longer to read.
Your muscles are strong. (Str +2)


Message History

You closely miss the river rat.
The river rat is severely wounded.
The river rat misses you.
The death yak gores you but does no damage.
You closely miss the river rat.
The river rat is severely wounded.
A hell rat comes into view.
The river rat completely misses you. The death yak gores you!!
The death yak gores you!
You closely miss the river rat.
The river rat is severely wounded.
The hell rat roars deafeningly!
You hear a croak.
The river rat barely misses you. The death yak closely misses you.
The death yak gores you.
You closely miss the river rat.
The river rat is severely wounded.
The river rat bites you. The death yak gores you!!
* * * LOW HITPOINT WARNING * * *
The death yak gores you!!
You die...

...... ..#.# .
...(.#....# .(
..>......## ...
.rr......# #
....#........## #
......rr.../... #
####..YYY...# # ..#
##@r# # #.###...## #
#######.##>....##.# #
..................# #
#.###.#.#.####..#####
# #.........# #.....
.###.#.### #.##### #.
#.# ##+# #.# #. #.#
##...## #.#


You could see 3 death yaks, a hell rat, a porcupine, a river rat and 2 rats.

Vanquished Creatures
  The ghost of ShadowdaBeast4 the Covered, an amateur MiFi of Makhleb (D:4)
  A hungry ghost (D:8)
  Duvessa (D:7)
  An ice beast (D:7)
  A black bear (D:8)
  A sky beast (D:5)
  4 ogres
  A centaur (D:6)
  A gnoll sergeant (D:7)
  A bullfrog (D:7)
  3 scorpions
  Dowan (D:7)
  3 howler monkeys (D:8)
  3 wights (D:8)
  4 crimson imps
  2 jellies
  A hound (D:5)
  A centaur skeleton (D:4)
  2 orc priests
  Jessica (D:3)
  3 orc wizards
  7 worker ants
  A killer bee zombie (D:4)
  2 hound zombies
  A hound skeleton (D:4)
  A worker ant zombie (D:6)
  7 gnolls
  A howler monkey skeleton (D:5)
  8 adders
  A shadow imp (D:7)
  2 adder zombies
  An adder skeleton (D:6)
  5 worms
  7 leopard geckos
  18 orcs
  6 giant cockroaches
  9 hobgoblins
  16 jackals
  3 quokkas
  4 bats
  6 frilled lizards
  9 goblins
  7 kobolds
  6 rats
165 creatures vanquished.

Vanquished Creatures (others)
  An orc wizard (D:5)
1 creature vanquished.

Grand Total: 166 creatures vanquished

Notes
Turn   | Place    | Note
-------+----------+-------------------------------------------
     0 | D:1      | Gadfly the Troll Berserker began the quest for the Orb.
     0 | D:1      | Reached XP level 1. HP: 22/22 MP: 0/0
    75 | D:1      | You fall through a shaft!
    91 | D:2      | Reached skill level 1 in Throwing
   145 | D:2      | Reached XP level 2. HP: 3/29 MP: 1/1
   785 | D:2      | Reached ** piety under Trog
   797 | D:2      | Reached XP level 3. HP: 28/36 MP: 2/2
  1146 | D:2      | Reached skill level 3 in Maces & Flails
  1198 | D:2      | Found a hazy altar of Hepliaklqana.
  1374 | D:3      | Reached XP level 4. HP: 43/44 MP: 3/3
  1377 | D:3      | Reached skill level 1 in Evocations
  1749 | D:3      | Reached XP level 5. HP: 48/50 MP: 5/5
  2003 | D:3      | Noticed Jessica
  2007 | D:3      | Killed Jessica
  2163 | D:4      | Reached *** piety under Trog
  2497 | D:4      | Reached XP level 6. HP: 53/59 MP: 6/6
  2530 | D:4      | Found a runed translucent gate.
  2531 | D:4      | Found a runed translucent gate.
  2531 | D:4      | Found a runed translucent gate.
  2533 | D:4      | Noticed ShadowdaBeast4's ghost (amateur MiFi)
  2576 | D:4      | Reached skill level 4 in Maces & Flails
  2807 | D:4      | Killed ShadowdaBeast4's ghost
  2807 | D:4      | Reached skill level 5 in Maces & Flails
  2807 | D:4      | Reached XP level 7. HP: 66/66 MP: 7/7
  2820 | D:4      | Reached skill level 6 in Maces & Flails
  2881 | D:5      | Entered Level 5 of the Dungeon
  2947 | D:5      | Found Sim Vuic's Magic Scroll Shop.
  2967 | D:5      | Gained mutation: You occasionally shout uncontrollably at
                  | your foes. [potion of mutation]
  2967 | D:5      | Gained mutation: Armour fits poorly on your strangely
                  | shaped body. [potion of mutation]
  2967 | D:5      | Gained mutation: Your flesh is cold resistant. (rC+)
                  | [potion of mutation]
  3020 | D:5      | Lost mutation: Your flesh is cold resistant. (rC+) [potion
                  | of mutation]
  3020 | D:5      | Lost mutation: You occasionally shout uncontrollably at
                  | your foes. [potion of mutation]
  3020 | D:5      | Lost mutation: Armour fits poorly on your strangely shaped
                  | body. [potion of mutation]
  3020 | D:5      | Gained mutation: You are somewhat resistant to further
                  | mutation. [potion of mutation]
  3125 | D:5      | Found a shattered altar of Ashenzari.
  3141 | D:5      | Reached skill level 7 in Maces & Flails
  3364 | D:5      | Reached **** piety under Trog
  3376 | D:5      | Reached XP level 8. HP: 74/74 MP: 8/8
  3621 | D:5      | Lost mutation: You are somewhat resistant to further
                  | mutation. [potion of mutation]
  3621 | D:5      | Gained mutation: Scrolls take you a little longer to read.
                  | [potion of mutation]
  3621 | D:5      | Gained mutation: You are partially covered in yellow
                  | scales. (AC +2) [potion of mutation]
  3621 | D:5      | Gained mutation: Your muscles are strong. (Str +2) [potion
                  | of mutation]
  3758 | D:5      | Reached skill level 8 in Maces & Flails
  3832 | D:5      | Found a staircase to the Ecumenical Temple.
  4646 | D:6      | Reached skill level 9 in Maces & Flails
  4763 | D:6      | Found an ancient bone altar of Kikubaaqudgha.
  5202 | D:7      | Noticed Duvessa
  5202 | D:7      | Noticed Dowan
  5591 | D:7      | Received a gift from Trog
  5614 | D:7      | Found a sacrificial altar of Ru.
  5662 | D:7      | Killed Dowan
  5662 | D:7      | Reached skill level 10 in Maces & Flails
  5669 | D:7      | Killed Duvessa
  5669 | D:7      | Reached XP level 9. HP: 64/80 MP: 9/9
  5982 | D:8      | Paralysed by fainting for 12 turns
  6425 | D:8      | Reached skill level 11 in Maces & Flails
  6514 | D:8      | Found a staircase to the Lair.
  6514 | D:8      | Noticed a death yak
  6514 | D:8      | Noticed a death yak
  6516 | D:8      | Noticed a death yak
  6521 | D:8      | Slain by a death yak

Skill      XL: |  1  2  3  4  5  6  7  8  9 |
---------------+----------------------------+-----
Throwing       | 1 2 |  2.8
Maces & Flails | 3 5 7 10 11 | 11.0
Evocations     | 1 |  1.8
Fighting       | |  2.9
Dodging        | |  2.8

Action                   |  1- 3 |  4- 6 |  7- 9 || total
-------------------------+-------+-------+-------++-------
Melee: Mace              |   134 |     8 |       ||   142
       Morningstar       |       |   171 |   305 ||   476
       Giant spiked club |       |       |    71 ||    71
Throw: Stone             |       |     3 |       ||     3
Invok: Berserk           |       |     2 |     3 ||     5
  Use: Scroll            |       |     1 |    11 ||    12
       Potion            |       |       |     5 ||     5
  Eat: Chunk             |    18 |    15 |    45 ||    78
       Ration            |       |       |     3 ||     3
Armor: Animal skin       |    52 |    97 |   213 ||   362
Dodge: Dodged            |    79 |   133 |   238 ||   450
